 Dungeon Crawl Stone Soup version 0.28-a0-1236-gb25a51b929 (webtiles) character file.

Game seed: 13453865554571968683

5 avis the Insei (level 1, 0/13 HPs)
             Began as an Octopode Transmuter on Dec 25, 2021.
             Slain by a kobold (5 damage)
             ... on level 1 of the Dungeon.
             The game lasted 00:01:10 (131 turns).

avis the Insei (Octopode Transmuter)                 Turns: 131, Time: 00:01:10

Health: 0/13       AC:  1    Str:  9    XL:     1   Next: 80%
Magic:  3/3        EV: 13    Int: 15    God:
Gold:   0          SH:  0    Dex: 12    Spells: 3/4 levels left

rFire   . . .      SeeInvis .     - Unarmed
rCold   . . .      Faith    .   (no shield)
rNeg    . . .      Spirit   .   (helmet currently unavailable)
rPois   .          Reflect  .   (no amulet)
rElec   .          Harm     .   (no ring)
rCorr   .          Rampage  .   (no ring)
Will    .....                   (no ring)
Stlth   ++........              (no ring)
HPRegen 0.04/turn               (no ring)
MPRegen 0.08/turn               (no ring)
                                (no ring)
                                (no ring)

@: appendages (expiring)
A: tentacle spike 3, almost no armour, amphibious, 8 rings, camouflage 1,
gelatinous body 1, (nimble swimmer 1), tentacles
a: End Transformation


You were on level 1 of the Dungeon.
One of your tentacles had grown a beastly spike.
You visited 1 branch of the dungeon, and saw 1 of its levels.

Inventory:

Missiles
 a - 4 boomerangs


   Skills:
 * Level 1.1 Fighting
 + Level 2.0 Dodging
 + Level 3.1 Unarmed Combat
 + Level 2.0 Spellcasting
 + Level 2.0 Transmutations


You had 3 spell levels left.
You knew the following spells:

 Your Spells              Type           Power      Damage    Failure   Level
a - Beastly Appendage     Tmut           14%        N/A       10%         1

Your spell library contained the following spells:

 Spells                   Type           Power      Damage    Failure   Level
 Wereblood                Tmut           7%         N/A       14%         2
 Spider Form              Tmut/Pois      4%         N/A       41%         3
 Ice Form                 Ice/Tmut       4%         N/A       82%         4


Dungeon Overview and Level Annotations

Branches:
Dungeon (1/15)

Altars:


Innate Abilities, Weirdness & Mutations

One of your tentacles has grown a beastly spike.
You cannot wear most types of armour.
You are amphibious.
You can wear up to eight rings at the same time.
Your skin changes colour to match your surroundings (Stealth+).
Your rubbery body absorbs attacks. (AC +1, EV +1)
((You are camouflaged when in or above water. (Stealth+)))
You have tentacles for arms and can constrict up to eight enemies at once.


Message History

You kill the endoplasm!
Your tentacle spike disappears.
The goblin shouts!
Your magical contamination has completely faded away.
You tentacle-slap the goblin. Your grab misses the goblin.
You squeeze the goblin.
The goblin is almost dead.
The goblin hits you with a +0 dagger.
You tentacle-slap the goblin.
You kill the goblin!
You see here a +0 dagger.
HP restored.
An endoplasm comes into view.
Casting: Beastly Appendage (safe; 10% risk of failure)
Confirm with . or Enter, or press ? or * to list all spells.
One of your tentacles grows a vicious spike.
Found a scroll labelled QYGAET PAUBEM and 21 arrows.
A kobold comes into view. It is wielding a +0 short sword.
The kobold shouts!
The endoplasm quivers.
The endoplasm freezes you.
You are frozen.
You tentacle-slap the endoplasm.
The endoplasm is moderately wounded.
The endoplasm freezes you.
You are frozen.
The kobold misses you.
You tentacle-slap the endoplasm. You squeeze the endoplasm.
You kill the endoplasm!
You barely miss the kobold. Your grab misses the kobold.
You squeeze the kobold.
The kobold is moderately wounded.
Your transformation is almost over.
The kobold closely misses you.
You tentacle-slap the kobold. Your grab misses the kobold.
The kobold is severely wounded.
The kobold closely misses you.
You completely miss the kobold. Your grab misses the kobold.
The kobold is severely wounded.
The kobold hits you with a +0 short sword.
You die...

#. #.# . # #.#
.. #. ... .#.
#.# ####
...#.# .?.(.
#.#.######...#
#. .#
#......@K....#
#.#.#
###.#####.#..#
#.#.# #.# .# #
###.#.# #.# .#
....#.# #.# .#
.##...# #.# .#
......# #.# .#
.##...# #.# .#
.##.#.# #.#


You could see a kobold.

Vanquished Creatures
  2 endoplasms (D:1)
  A goblin (D:1)
  A quokka (D:1)
4 creatures vanquished.

Notes
Turn   | Place    | Note
-------+----------+-------------------------------------------
     0 | D:1      | avis the Octopode Transmuter began the quest for the Orb.
     0 | D:1      | Reached XP level 1. HP: 13/13 MP: 3/3
   131 | D:1      | Slain by a kobold

Illustrated notes

Levels and vault maps discovered:
D:1:      amcnicky_arrival_feature_with_door, layout_basic,
          chequers_ecumenical_altar_island

Action                   || total
-------------------------++-------
Melee: Unarmed           ||    12
       Tentacles         ||     4
       Constrict         ||     1
       Punch             ||     1
 Cast: Beastly Appendage ||     2
Dodge: Dodged            ||     6

Table legend: (Time is in decaauts)
 A = Elapsed time spent in this place.
 B = Non-inter-level travel time spent in this place.
 C = Inter-level travel time spent in this place.
 D = Time resting spent in this place.
 E = Time spent auto-exploring this place.
 F = Levels seen in this place.
 G = Mean time per level.
                   A        B        C        D        E       F      G
               +--------+--------+--------+--------+--------+-----+--------+
         Total |    130 |    130 |      0 |      6 |     90 |   1 |  130.0 |
       Dungeon |    130 |    130 |      0 |      6 |     90 |   1 |  130.0 |
               +--------+--------+--------+--------+--------+-----+--------+

Top non-repeatable levels by time:
     D:1: 130 daAuts
